 Dungeon Crawl Stone Soup version 0.26.1-11-gd32895ea62 (webtiles) character file.

Game seed: 724092648365302823

53 Almogavar the Skirmisher (level 3, 0/33 HPs)
             Began as a Palentonga Fighter on May 3, 2021.
             Slain by a gnoll
             ... wielding a +0 flail
              (7 damage)
             ... on level 2 of the Dungeon.
             The game lasted 00:03:57 (1423 turns).

Almogavar the Skirmisher (Palentonga Fighter)       Turns: 1423, Time: 00:03:57

Health: 0/33       AC:  7    Str: 20    XL:     3   Next: 62%
Magic:  3/3        EV:  5    Int:  8    God:
Gold:   102        SH:  9    Dex:  9    Spells: 2/2 levels left

rFire    . . .     SeeInvis +   a - +0 long sword
rCold    . . .     Faith    .   c - +1 kite shield
rNeg     . . .     Spirit   .   b - +0 scale mail
rPois    .         Reflect  .   (no helmet)
rElec    .         Harm     .   (no cloak)
rCorr    .         Rampage  .   l - +0 pair of gloves
Will     .....                  (no barding)
Stlth    ..........             (no amulet)
HPRegen  0.11/turn              (no ring)
MPRegen  0.08/turn              (no ring)

@: no status effects
A: large, rugged brown scales 3, see invisible, deformed body, roll 1, armoured
tail
a: Rolling Charge


You were on level 2 of the Dungeon.
You visited 1 branch of the dungeon, and saw 2 of its levels.

You collected 102 gold pieces.

Inventory:

Hand Weapons
 a - a +0 long sword (weapon)
Armour
 b - a +0 scale mail (worn)
 c - a +1 kite shield (worn)
 h - a +0 chain mail
 k - a cursed -2 ring mail
 l - a +0 pair of gloves (worn)
Scrolls
 f - a scroll of enchant armour
 i - a scroll of teleportation
 j - a scroll of amnesia {unknown}
Potions
 d - a potion of might
 e - a potion of curing
 g - a potion of heal wounds {unknown}


   Skills:
 + Level 3.3 Fighting
 + Level 3.1 Long Blades
 + Level 2.6 Armour
 + Level 2.8 Shields


You had 2 spell levels left.
You didn't know any spells.
Your spell library was empty.

Dungeon Overview and Level Annotations

Branches:
Dungeon (2/15)

Altars:
Fedhas


Innate Abilities, Weirdness & Mutations

You are completely covered in rugged brown scales. (AC +3, +7% HP)
You have supernaturally acute eyesight. (SInv)
Armour fits poorly on your strangely shaped body.
You can roll at nearby foes to attack.
You have a long armoured tail.


Message History

You block the gnoll's attack.
You hit the gnoll but do no damage.
The gnoll is heavily wounded.
You block the gnoll's attack. The gnoll hits you with a +0 flail!
The gnoll hits you with a +0 whip. The gnoll hits you but does no damage.
You are too injured to fight recklessly!
You block the gnoll's attack. The gnoll hits you with a +0 whip!
* * * LOW HITPOINT WARNING * * *
The gnoll barely misses you.
You see here a dart slug corpse.
You completely miss the gnoll.
The gnoll is heavily wounded.
A gnoll opens the door.
The gnoll barely misses you.
You hit the gnoll.
Your tail-slap misses the gnoll.
The gnoll is severely wounded.
The gnoll hits you with a +0 flail.
* * * LOW HITPOINT WARNING * * *
You feel better. The gnoll hits you with a +0 flail!
You die...

#.# #....##..........#
##.###....##..........#
#......................
######....##............#
....#
#....#####..######.###....##
#....# #..# #.........#
###### #..# #.......... #..#
#.......... ##@# #.......(..
#g####'#..........
#...ggg...........
######......###### ########


You could see a gnoll.

Vanquished Creatures
  2 adders (D:2)
  A dart slug (D:2)
  6 bats (D:1)
  2 giant cockroaches
  4 goblins
  5 hobgoblins
  6 kobolds
  2 frilled lizards
  6 rats
34 creatures vanquished.

Notes
Turn   | Place    | Note
-------+----------+-------------------------------------------
     0 | D:1      | Almogavar the Palentonga Fighter began the quest for the
                  | Orb.
     0 | D:1      | Reached XP level 1. HP: 20/20 MP: 1/1
   211 | D:1      | Reached XP level 2. HP: 27/27 MP: 2/2
   973 | D:2      | Reached XP level 3. HP: 31/33 MP: 3/3
  1021 | D:2      | Found a blossoming altar of Fedhas.
  1423 | D:2      | Slain by a gnoll

Illustrated notes

Levels and vault maps discovered:
D:1:      dpeg_arrival_rooms_a, layout_basic, minmay_close_crescents
D:2:      minmay_evil_eye, layout_basic, fedhas_ov_isle_minmay,
          lemuel_coloured_pillars_altar, general_overflow_altar,
          kennysheep_potato

Skill      XL: |  1  2  3 |
---------------+----------+-----
Long Blades    | 3 |  3.1
Fighting       | |  3.3
Armour         | |  2.6
Shields        | |  2.8

Action                   || total
-------------------------++-------
Melee: Long sword        ||    97
       Tailslap          ||     3
 Abil: Rolling Charge    ||     2
  Use: Scroll            ||     3
       Potion            ||     1
Armor: Scale mail        ||    42
Dodge: Dodged            ||    26
Block: Kite shield       ||    52
       Rpst.: Long sword ||     4
